 Dungeon Sprint DCSS version 0.31-a0-1-g4198be8af4 (webtiles) character file.

Game seed: 3802919484618992645

7075 howech the Imperceptible (level 11, 0/54 HPs)
             Began as a Kobold Enchanter on May 2, 2023.
             Was a Priest of Sif Muna.
             Slain by an unseen horror (10 damage)
             ... in the Dungeon (Sprint I: "Red Sonja").
             The game lasted 00:08:57 (459 turns).

howech the Imperceptible (Kobold Enchanter)          Turns: 459, Time: 00:08:57

Health: 0/54       AC:  2    Str:  7    XL:     11   Next: 30%
Magic:  16/26      EV: 16    Int: 20    God:    Sif Muna [***...]
Gold:   594        SH:  0    Dex: 15    Spells: 25/33 levels left

rFire   . . .        a - +1 dagger
rCold   . . .        (no shield)
rNeg    . . .        b - +0 robe
rPois   .            (no helmet)
rElec   .            (no cloak)
rCorr   .            (no gloves)
SInv    .            (no boots)
Will    .....        (no amulet)
Stlth   +++++++++    (no ring)
HPRegen 0.29/turn    (no ring)
MPRegen 0.20/turn

%: no teleportation
@: invisible
A: small, no large weapons, nightstalker 3
a: Renounce Religion, Channel Magic, Forget Spell


You were in the Dungeon.
You worshipped Sif Muna.
Sif Muna was most pleased with you.
You visited 1 branch You collected 791 gold pieces.
You spent 179 gold pieces at shops.
You donated 18 gold pieces to Zin.

Inventory:

Hand Weapons
 a - a +1 dagger (weapon)
 j - a +2 dagger of draining
Missiles
 f - 2 curare-tipped darts (quivered)
Armour
 b - a +0 robe (worn)
Jewellery
 k - an amulet of faith
Wands
 h - a wand of iceblast (35)
Scrolls
 i - a scroll of blinking
Potions
 g - 2 potions of magic


   Skills:
 - Level 10.0 Short Blades
 - Level 5.0 Dodging
 * Level 21.6 Stealth
 + Level 11.8 Spellcasting
 + Level 11.6 Hexes
 + Level 11.1 Ice Magic
 + Level 4.8 Evocations


You had 25 spell levels left.
You knew the following spells:

 Your Spells              Type           Power      Damage    Failure   Level
a - Ensorcelled Hibernat  Hex/Ice        100%       N/A       1%          2
b - Confusing Touch       Hex            55%        N/A       1%          3
c - Dazzling Flash        Conj/Hex       70%        N/A       1%          3

Your spell library contained the following spells:

 Spells                   Type           Power      Damage    Failure   Level
 Tukima's Dance           Hex            55%        N/A       1%          3


Dungeon Overview and Level Annotations

Branches:
Dungeon (1/1)

Altars:
Cheibriados
Dithmenos
Elyvilon
Fedhas
Gozag
Hepliaklqana
Kikubaaqudgha
Nemelex Xobeh
Okawaru
Qazlal
Ru
Sif Muna
Trog
Uskayaw
Vehumet
Wu Jian
Yredelemnul
Zin
The Shining One

Shops:
D ([**?[[


Innate Abilities, Weirdness & Mutations

You are small and have problems with some larger weapons.
You are completely attuned to the shadows.


Message History

Something closely misses you. Something hits you.
The jelly attacks as you move away! The jelly hits you but does no damage.
Something barely misses you. Something hits you. Something hits you. x2
There is an open door here.
Casting: Ensorcelled Hibernation (safe; 1% risk of failure)
Confirm with . or Enter, or press ? or * to list all spells.
Your hands begin to glow red.
Something hits you!
You hit the jelly but do no damage.
The jelly appears confused.
Your hands burn!
* * * LOW HITPOINT WARNING * * *
You hit the jelly.
Your hands burn!
* * * LOW HITPOINT WARNING * * *
The jelly is lightly wounded.
The jelly misses you.
The jelly hits itself.
You hit the jelly.
Your hands burn!
* * * LOW HITPOINT WARNING * * *
The jelly is heavily wounded.
You hit the jelly.
Your hands burn!
* * * LOW HITPOINT WARNING * * *
The jelly is severely wounded.
You feel much better. The jelly barely misses you.
Unknown command.
You hit the jelly.
Your hands burn!
The jelly is almost dead.
You hit the jelly.
You kill the jelly!
Sif Muna accepts your kill.
Casting: Confusing Touch (safe; 1% risk of failure)
Confirm with . or Enter, or press ? or * to list all spells.
Your hands begin to glow red.
Something hits you.
You closely miss something. Something barely misses you.
You barely miss something. Something hits you!
* * * LOW HITPOINT WARNING * * *
You hit something but do no damage. Something hits you!
* * * LOW HITPOINT WARNING * * *
Unknown command.
You feel better.
You hit something but do no damage. Something hits you!
You die...

_###'#.#§§..###.'.#
####.####'###.###.#
..'...'..[..'[∩##§#
###.).###########§#
####.###... #.# .#
#+# {.. +.# .#
#++.######§# .#
#J......{#.# .#
#J.....§#@§# .#
.......~#### .#
......~~# .#
....~~~## ## ∩# .#
∩# ##


There were no monsters in sight!

Vanquished Creatures
  2 centaur warriors (D)
  Sonja (D)
  A deep troll (D)
  An oklob plant (D)
  8 shining eyes (D)
  A hornet (D)
  Sigmund (D)
  A yak (D)
  2 redbacks (D)
  5 floating eyes (D)
  An ogre (D)
  6 jellies (D)
  Ijyb (D)
31 creatures vanquished.

Notes
Turn   | Place    | Note
-------+----------+-------------------------------------------
     0 | D        | howech the Kobold Enchanter began the quest for the Orb.
     0 | D        | Reached XP level 1. HP: 10/10 MP: 3/3
     2 | D        | Noticed Ijyb
    17 | D        | Killed Ijyb
    18 | D        | Reached skill level 5 in Stealth
    18 | D        | Reached skill level 1 in Ice Magic
    18 | D        | Reached XP level 2. HP: 15/15 MP: 4/6
    18 | D        | Reached XP level 3. HP: 19/19 MP: 4/7
    25 | D        | Learned a level 2 spell: Ensorcelled Hibernation
    25 | D        | Noticed an ogre
    28 | D        | Killed an ogre
    29 | D        | Reached skill level 8 in Stealth
    29 | D        | Reached XP level 4. HP: 24/24 MP: 6/10
    29 | D        | Reached XP level 5. HP: 28/28 MP: 6/11
    40 | D        | Noticed Sigmund
    42 | D        | Killed Sigmund
    43 | D        | Reached skill level 5 in Dodging
    43 | D        | Reached skill level 10 in Stealth
    43 | D        | Reached skill level 5 in Spellcasting
    43 | D        | Reached skill level 5 in Hexes
    43 | D        | Reached XP level 6. HP: 32/32 MP: 8/14
    47 | D        | Learned a level 3 spell: Confusing Touch
    58 | D        | Found an ornate altar of the Wu Jian Council.
    59 | D        | Found a shimmering blue altar of Sif Muna.
    60 | D        | Found a radiant altar of Vehumet.
    67 | D        | Found a hazy altar of Hepliaklqana.
    67 | D        | Found a stormy altar of Qazlal.
    67 | D        | Found a hide-covered altar of Uskayaw.
    67 | D        | Found a blossoming altar of Fedhas.
    67 | D        | Noticed a yak
    68 | D        | Found Xeizas's General Store.
    68 | D        | Found a bloodstained altar of Trog.
    68 | D        | Found an opulent altar of Gozag.
    68 | D        | Found a snail-covered altar of Cheibriados.
    69 | D        | Killed a yak
    70 | D        | Reached skill level 12 in Stealth
    70 | D        | Reached skill level 5 in Ice Magic
    70 | D        | Reached XP level 7. HP: 36/36 MP: 12/16
    70 | D        | Found an iron altar of Okawaru.
    70 | D        | Found a sparkling altar of Nemelex Xobeh.
    70 | D        | Found a sacrificial altar of Ru.
    70 | D        | Found a glowing silver altar of Zin.
    71 | D        | Found an ancient bone altar of Kikubaaqudgha.
    71 | D        | Found a basalt altar of Yredelemnul.
    71 | D        | Found a glowing golden altar of the Shining One.
    71 | D        | Found a shadowy altar of Dithmenos.
    71 | D        | Found a white marble altar of Elyvilon.
    76 | D        | Became a worshipper of Zin the Law-Giver
    76 | D        | Reached * piety under Zin
    76 | D        | Reached ** piety under Zin
    76 | D        | Reached *** piety under Zin
    76 | D        | Reached **** piety under Zin
    76 | D        | Reached ***** piety under Zin
    84 | D        | Noticed Sonja
    88 | D        | Killed Sonja
    89 | D        | Reached skill level 14 in Stealth
    89 | D        | Reached XP level 8. HP: 41/41 MP: 15/19
    90 | D        | Reached ****** piety under Zin
    98 | D        | Found Qyixibar's Antique Weapon Boutique.
   105 | D        | Learned a level 3 spell: Dazzling Flash
   107 | D        | Bought a glowing dagger for 75 gold pieces
   112 | D        | Noticed a shining eye
   113 | D        | Noticed a shining eye
   115 | D        | Noticed a shining eye
   115 | D        | Noticed a shining eye
   118 | D        | Noticed a shining eye
   118 | D        | Noticed a shining eye
   120 | D        | Noticed a shining eye
   122 | D        | Reached skill level 15 in Stealth
   122 | D        | Noticed a shining eye
   128 | D        | Killed a shining eye
   129 | D        | Reached skill level 10 in Short Blades
   129 | D        | Reached skill level 16 in Stealth
   129 | D        | Reached XP level 9. HP: 45/45 MP: 18/21
   129 | D        | Killed a shining eye
   134 | D        | Killed a shining eye
   135 | D        | Reached skill level 17 in Stealth
   149 | D        | Killed a shining eye
   150 | D        | Reached skill level 18 in Stealth
   150 | D        | Reached skill level 10 in Spellcasting
   150 | D        | Reached XP level 10. HP: 50/50 MP: 17/24
   152 | D        | Killed a shining eye
   160 | D        | Killed a shining eye
   161 | D        | Reached skill level 19 in Stealth
   161 | D        | Reached skill level 10 in Hexes
   166 | D        | Killed a shining eye
   184 | D        | Killed a shining eye
   185 | D        | Reached skill level 10 in Ice Magic
   189 | D        | Found Voeliv's Magic Scroll Shop.
   189 | D        | Found Aki Colo's Antique Armour Shoppe.
   189 | D        | Found Ryul's Antique Armour Boutique.
   189 | D        | Found Tiw Otie's General Store.
   229 | D        | Fell from the grace of Zin
   229 | D        | Became a worshipper of Sif Muna the Loreminder
   272 | D        | Noticed a deep troll
   276 | D        | Killed a deep troll
   277 | D        | Reached skill level 20 in Stealth
   286 | D        | Found Noxet's Armour Emporium.
   309 | D        | Noticed a centaur warrior
   309 | D        | Noticed a centaur warrior
   312 | D        | Killed a centaur warrior
   313 | D        | Killed a centaur warrior
   313 | D        | Reached * piety under Sif Muna
   314 | D        | Reached XP level 11. HP: 54/54 MP: 26/26
   324 | D        | Reached skill level 21 in Stealth
   333 | D        | Noticed an oklob plant
   335 | D        | Killed an oklob plant
   342 | D        | Reached ** piety under Sif Muna
   397 | D        | Bought a potion of invisibility for 104 gold pieces
   431 | D        | Reached *** piety under Sif Muna
   457 | D        | HP: 2/54 [something (10)]
   459 | D        | Slain by an unseen horror

Illustrated notes

Levels and vault maps discovered:
D:        dungeon_sprint_1 [red_sonja_temple_1, red_sonja_temple_small_1]

Skill      XL: |  1  2  3  4  5  6  7  8  9 10 11 |
---------------+----------------------------------+-----
Short Blades   | 2 4 6 7 9 10 | 10.0
Dodging        | 3 4 5 |  5.0
Stealth        | 5 8 10 12 14 16 18 20 21 | 21.6
Spellcasting   | 3 4 5 6 7 8 10 11 | 11.8
Ice Magic      | 1 3 4 5 6 7 9 10 11 | 11.1
Hexes          | 4 5 6 7 8 9 11 | 11.6
Evocations     | 3 4 |  4.8

Action                     |  1- 3 |  4- 6 |  7- 9 | 10-12 || total
---------------------------+-------+-------+-------+-------++-------
  Melee: Dagger            |    14 |     3 |    12 |    54 ||    83
         Punch             |       |       |       |     1 ||     1
   Cast: Ensorcelled Hiber |       |       |     1 |     4 ||     5
         Dazzling Flash    |       |       |     1 |     1 ||     2
         Confusing Touch   |       |       |       |     3 ||     3
    Use: Potion            |     2 |       |     1 |     4 ||     7
   Stab: Invisible         |     1 |       |     2 |     3 ||     6
         Sleeping          |     1 |     3 |     8 |    12 ||    24
         Confused          |       |       |       |     2 ||     2
 Armour: Robe              |       |       |       |     5 ||     5
  Dodge: Dodged            |     6 |       |       |     7 ||    13

Table legend: (Time is in decaauts)
 A = Elapsed time spent in this place.
 B = Non-inter-level travel time spent in this place.
 C = Inter-level travel time spent in this place.
 D = Time resting spent in this place.
 E = Time spent auto-exploring this place.
 F = Levels seen in this place.
 G = Mean time per level.
                   A        B        C        D        E       F      G
               +--------+--------+--------+--------+--------+-----+--------+
         Total |    417 |    390 |     27 |      0 |      0 |   1 |  417.0 |
       Dungeon |    417 |    390 |     27 |      0 |      0 |   1 |  417.0 |
               +--------+--------+--------+--------+--------+-----+--------+

Top non-repeatable levels by time:
       D: 417 daAuts
